 Dungeon Crawl Stone Soup version 0.28.0-45-g0d030f2227 (webtiles) character file.

Game seed: 6276462423493388430

24444 mortz the Zephyrmancer (level 12, -10/85 HPs)
             Began as a Black Draconian Air Elementalist on Apr 21, 2022.
             Was an Initiate of Gozag.
             Killed from afar by a frost giant (37 damage)
             ... with a bolt of cold
             ... in an ice cave on Apr 22, 2022.
             The game lasted 01:53:12 (22426 turns).

mortz the Zephyrmancer (DrAE)                      Turns: 22426, Time: 01:53:13

Health: -10/85     AC: 10    Str: 12    XL:     12   Next: 80%
Magic:  21/28      EV: 12    Int: 19    God:    Gozag
Gold:   1766       SH:  4    Dex: 15    Spells: 22/35 levels left

rFire   . . .      SeeInvis .   r - +6 dagger of Suips {flame, rElec Dex+3 Stlth+, short}
rCold   . . .      Faith    .   N - +0 buckler
rNeg    . . .      Spirit   .   (armour unavailable)
rPois   .          Reflect  .   (helmet restricted)
rElec   +          Harm     .   Q - +0 cloak
rCorr   .          Rampage  .   c - +0 pair of gloves
Will    .....                   (no boots)
Stlth   ++++......              S - amulet of magic regeneration {@e2}
HPRegen 0.24/turn               x - +4 ring of slaying
MPRegen 0.61/turn               (no ring)

@: flying, studying Hexes
A: breathe lightning, AC +8, unfitting armour, electricity resistance,
cold-blooded
a: Breathe Lightning, Renounce Religion, Potion Petition, Call Merchant, Bribe
Branch


You were in an ice cave.
You worshipped Gozag.
Gozag was most pleased with you.
You visited 3 branches of the dungeon, and saw 15 of its levels.
You also visited: Ice Cave.

You collected 2014 gold pieces.
You spent 130 gold pieces at shops.
You paid 118 gold pieces to Gozag.


Innate Abilities, Weirdness & Mutations

You can breathe wild blasts of lightning.
Your glossy black scales are hard. (AC +8)
You cannot fit into any form of body armour.
You are resistant to electric shocks. (rElec)
You are cold-blooded and may be slowed by cold attacks.


   Skills:
 + Level 1.6 Fighting
 + Level 4.9 Short Blades
 + Level 3.1 Dodging
 + Level 4.2 Stealth
 + Level 2.0 Shields
 + Level 12.2 Spellcasting
 + Level 6.1 Conjurations
 * Level 5.0 Ice Magic
 + Level 14.9 Air Magic
 + Level 5.9 Poison Magic


You had 22 spell levels left.
You knew the following spells:

 Your Spells              Type           Power      Damage    Failure   Level
a - Shock                 Conj/Air       100%       1d9       1%          1
b - Static Discharge      Conj/Air       51%        N/A       1%          2
c - Airstrike             Air            31%        N/A       1%          4
d - Mephitic Cloud        Conj/Pois/Air  45%        N/A       1%          3
e - Frozen Ramparts       Ice            60%        1d8       3%          3

Your spell library contained the following spells:

 Spells                   Type           Power      Damage    Failure   Level
 Magic Dart               Conj           100%       1d8       1%          1
 Swiftness                Air            62%        N/A       1%          3
 Call Imp                 Summ           11%        N/A       12%         2
 Sublimation of Blood     Necr           11%        N/A       12%         2
 Gell's Gravitas          Tloc           11%        N/A       24%         3
 Teleport Other           Tloc           11%        N/A       24%         3
 Tukima's Dance           Hex            11%        N/A       24%         3
 Ice Form                 Ice/Tmut       21%        N/A       28%         4
 Summon Ice Beast         Ice/Summ       21%        N/A       28%         4
 Passage of Golubria      Tloc           11%        N/A       61%         4
 Yara's Violent Unravell  Hex/Tmut       5%         3d4       91%         5
 Dispersal                Tloc           5%         N/A       100%        6

Inventory:

Hand Weapons
 q - a +2 mace of holy wrath {mace}
   (You took it off an orc on level 4 of the Dungeon)
 r - the +6 dagger of Suips (weapon) {flame, rElec Dex+3 Stlth+, short}
   (You found it on level 4 of the Dungeon)

   It burns those it strikes, dealing additional fire damage.
   Dex:       It affects your dexterity (+3).
   rElec:     It insulates you from electricity.
   Stlth:     It makes you more stealthy.
 K - the +6 shortbow of the Slime-mould {vorpal, +Blink Dex+5, bow}
   (You found it on level 9 of the Dungeon)

   Any ammunition fired from it inflicts extra damage upon your enemies.
   Dex:       It affects your dexterity (+5).
   +Blink:    It lets you blink.
 P - a +2 dagger of distortion {!wshort}
   (You took it off Sonja on level 2 of the Lair of Beasts)
Missiles
 n - 24 poisoned darts {throwing}
Armour
 c - a +0 pair of gloves (worn)
   (You found it on level 1 of the Dungeon)
 N - a +0 buckler (worn)
   (You took it off an orc wizard on level 9 of the Dungeon)
 O - an orb of light
   (You found it on level 10 of the Dungeon)
 Q - a +0 cloak (worn)
   (You found it on level 11 of the Dungeon)
Magical Staves
 t - a staff of earth {!astaff}
   (You took it off an orc wizard on level 5 of the Dungeon)
 U - a staff of cold {!astaff}
   (You took it off Fannar on level 2 of the Lair of Beasts)
Jewellery
 x - a +4 ring of slaying (left hand)
   (You found it on level 5 of the Dungeon)
 S - an amulet of magic regeneration (around neck) {@e2}
   (You found it on level 1 of the Lair of Beasts)
Wands
 d - a wand of iceblast (16)
   (You bought it in a shop on level 6 of the Dungeon)
 i - a wand of paralysis (10)
   (You bought it in a shop on level 6 of the Dungeon)
 L - a wand of mindburst (8)
   (You took it off an orc wizard on level 9 of the Dungeon)
Scrolls
 b - 2 scrolls of enchant weapon
 g - 7 scrolls of teleportation {@r4}
 h - 2 scrolls of amnesia
 o - 2 scrolls of fog
 p - a scroll of holy word {unknown}
 y - a scroll of immolation {unknown}
 B - a scroll of enchant armour {unknown}
 H - a scroll of blinking {unknown}
 I - a scroll of noise {unknown}
Potions
 a - a potion of experience {unknown}
 e - a potion of brilliance
 f - a potion of haste {@q3}
 m - a potion of cancellation
 s - 2 potions of curing {@q1}
 v - a potion of magic
 w - 7 potions of might
 z - a potion of lignification {!q}
 A - 3 potions of heal wounds {@q2}
 C - 2 potions of attraction {!q}
 F - 2 potions of mutation {!q}
 M - 2 potions of berserk rage {!q}
 R - a potion of resistance
 T - a potion of invisibility
Miscellaneous
 J - a condenser vane
   (You found it on level 9 of the Dungeon)

Dungeon Overview and Level Annotations

Branches:
Dungeon (11/15)            Temple (1/1) D:7            Lair (3/6) D:9
  IceCv (1/1)
  Swamp: Lair:2-4    Shoals: Lair:2-4     Snake: Lair:2-4    Spider: Lair:2-4
    Orc: D:9-12

Altars:
Ashenzari
Cheibriados
Dithmenos
Elyvilon
Fedhas
Gozag
Hepliaklqana
Kikubaaqudgha
Makhleb
Nemelex Xobeh
Okawaru
Qazlal
Ru
Sif Muna
Trog
Uskayaw
Vehumet
Wu Jian
Xom
Yredelemnul
Zin
The Shining One

Shops:
D:6 *

Annotations:
D:3 exclusion: downstairs
D:7 3 runed translucent doors, Beepinex's ghost, novice HOFi
D:11 3 runed translucent doors, AlmostDecent's ghost, journeyman VSFi IceCv exclusion: ice statue

# # ## #### ≈# ##..##
#### ≈###.#..###..####
####
≈.#...#..#.#C.#.###..##
.#.C####.C..#..#.##.#.#
#.### ########...##..#
### ##@#..#.# ##..#..#
#.#.#.# #### ##.#..#
##..## ##.#..## #....##
###..####
#.##..###...##
##..##..#..###
##.#.###...##


You could see a frost giant.


Message History

You feel very buoyant.
You fly up into the air.
A frost giant, a death yak and a polar bear come into view.
The frost giant is wielding a +2 battleaxe of freezing.
The polar bear growls angrily.
You hear an angry hiss.
You hear a bellow!
A wolf comes into view.
Aiming: Airstrike (safe; 1% risk of failure)
Press: ? - help, Q - select action, (/) - cycle Dir - move target, f - polar bear
Aim: a polar bear (empty space bonus: 4/8)
The air twists around and strikes the polar bear!
The wolf howls!
The frost giant shouts!
The death yak bellows!
A yak comes into view. x2 😎 MP[-4]
You lost 4 mp, and now have 24/28 mp. 😎 MP[+1] 😎 MP[+1]
Casting: Airstrike (safe; 1% risk of failure)
Confirm with . or Enter, or press ? or * to list all spells.
Aiming: Shock (safe; 1% risk of failure)
Press: ? - help, Shift-Dir - straight line The zap hits the wolf. x2
Casting: Shock (safe; 1% risk of failure)
Confirm with . or Enter, or press ? or * to list all spells.
Aiming: Shock (safe; 1% risk of failure)
Press: ? - help, Shift-Dir - straight line The zap hits the wolf.
The zap hits the wolf!
You kill the wolf!
A rime drake comes into view.
Your Shields skill increases to level 2! 😎 MP[-1]
You lost 1 mp, and now have 25/28 mp.
Casting: Shock (safe; 1% risk of failure)
Confirm with . or Enter, or press ? or * to list all spells.
Aiming: Shock (safe; 1% risk of failure)
Press: ? - help, Shift-Dir - straight line The zap hits the rime drake.
The rime drake hisses angrily.
The zap misses the rime drake.
Casting: Shock (safe; 1% risk of failure)
Confirm with . or Enter, or press ? or * to list all spells.
Aiming: Shock (safe; 1% risk of failure)
Press: ? - help, Shift-Dir - straight line The zap hits the rime drake.
The zap hits the frost giant.
The zap hits the frost giant!
The rime drake breathes ice at you. The flash freeze hits you!!
You are encased in ice. 😕 HP[-18]
You take 18 damage, and now have 67/85 hp.
MASSIVE DAMAGE!! (PAUSE)
Aiming: Airstrike (safe; 1% risk of failure)
Press: ? - help, Q - select action, (/) - cycle Dir - move target, f - rime drake
Aim: a rime drake (moderately wounded, catching its breath, empty space bonus: 2/8)
The air twists around and strikes the rime drake! 😕 MP[-4]
You lost 4 mp, and now have 21/28 mp.
Aiming: Airstrike (safe; 1% risk of failure)
Press: ? - help, Q - select action, (/) - cycle Dir - move target, f/p - rime drake
Aim: a rime drake (water, heavily wounded, empty space bonus: 6/8)
The air twists around and strikes the rime drake!
You kill the rime drake!
You now have 1766 gold pieces (gained 15).
Your Dodging skill increases to level 3! 😕 MP[-3]
You lost 3 mp, and now have 18/28 mp.
The ice encasing you melts away. 😕 HP[+1] MP[+1] 😕 MP[+1] 😕 HP[+1] MP[+1] 😕 MP[+1] 😕 MP[+1] 😕 HP[+1] 😕 MP[+1] 😕 MP[+1]
Aiming: Airstrike (safe; 1% risk of failure)
Press: ? - help, Q - select action, (/) - cycle Dir - move target, f - frost giant
Aim: a frost giant, wielding a +2 battleaxe of freezing (lightly wounded, empty space bonus: 4/8)
The air twists around and strikes the frost giant! 😕 MP[-4]
You lost 4 mp, and now have 21/28 mp.
Aiming: Airstrike (safe; 1% risk of failure)
Press: ? - help, Q - select action, (/) - cycle Dir - move target, f/p - frost giant
Aim: a frost giant, wielding a +2 battleaxe of freezing (lightly wounded, empty space bonus: 4/8)
The air twists around and strikes the frost giant!
The frost giant casts a spell at you. The bolt of cold hits you!!!
Ouch! That really hurt!
* * * LOW HITPOINT WARNING * * *
😨 HP[-44] MP[-3]
You take 44 damage, and now have 26/85 hp.
MASSIVE DAMAGE!! (PAUSE)
You lost 3 mp, and now have 18/28 mp. 😨 MP[+1] 😨 MP[+1] 😨 HP[+1]
The frost giant gestures at you while chanting.
The bolt of cold hits you!!!
You die...
Your body crumbles into a pile of gold.

Skill      XL: |  1  2  3  4  5  6  7  8  9 10 11 12 |
---------------+-------------------------------------+-----
Stealth        | 2 3 4 |  4.2
Dodging        | 2 3 |  3.1
Conjurations   | 2 3 4 5 6 |  6.1
Spellcasting   | 3 4 5 6 7 9 10 12 | 12.2
Air Magic      | 4 6 7 8 10 12 13 14 | 14.9
Short Blades   | 1 3 4 |  4.9
Poison Magic   | 1 3 5 |  5.9
Fighting       | 1 |  1.6
Ice Magic      | 3 5 |  5.0
Shields        | 2 |  2.0

Action                   |  1- 3 |  4- 6 |  7- 9 | 10-12 || total
-------------------------+-------+-------+-------+-------++-------
Melee: Club              |     4 |       |       |       ||     4
       Dagger            |     7 |       |    71 |    87 ||   165
       Tailslap          |     1 |       |     9 |    18 ||    28
       Punch             |       |       |     2 |       ||     2
 Cast: Shock             |    96 |    89 |   130 |   105 ||   420
       Static Discharge  |       |    23 |    14 |    59 ||    96
       Airstrike         |       |       |    70 |   229 ||   299
       Mephitic Cloud    |       |       |       |     7 ||     7
  Use: Scroll            |       |     4 |     7 |    12 ||    23
       Potion            |       |       |       |     3 ||     3
 Stab: Confused          |       |       |       |     7 ||     7
Armor: Skin              |     9 |     8 |    26 |    53 ||    96
Dodge: Dodged            |    15 |    21 |    48 |    96 ||   180
Block: Buckler           |       |       |       |    23 ||    23

Levels and vault maps discovered:
D:1:      evilmike_arrival_rings, layout_loops_cross, basic_ecumenical_altar,
          minmay_misc_feat_tiny
D:2:      layout_loops_corners, basic_altar
D:3:      layout_loops_corners, kennysheep_jessica_study, uniq_natasha
D:4:      layout_rooms
D:5:      layout_loops_ring, minitemple, minmay_misc_feat_doors
D:6:      layout_gridville, nicolae_qazlal_scattered_showers,
          nicolae_shop_gadgets
D:7:      layout_loops_ring, grunt_dithmenos_smoke,
          minmay_temple_entry_from_below_a, gammafunk_ghost_split
D:8:      layout_basic
D:9:      layout_loops_ring, kennysheep_little_box, kennysheep_orc_sif_temple,
          slow_altar_2, overflow_temple_1_default, erik_lair_orcish_takeover,
          grunt_decor_cap, minmay_mirror_moons_of_madness, uniq_joseph
D:10:     layout_small_grid, kennysheep_mini_moat, lightli_corner_chamber
D:11:     layout_irregular_city, gammafunk_ghost_nasty_kobolds,
          patterned_corridor
Temple:   cyrus_circular_temple
Lair:1:   layout_concentric_octagons
Lair:2:   layout_small_grid, chequers_serial_rivers_room_a, grunt_megastairs_2,
          infiniplex_staircase_pool, serial_bayou_shore_b, lemuel_fruit_tree,
          uniq_fannar, uniq_sonja
Lair:3:   layout_roguey [special_room_bee],
          hellmonk_spider_entry_life_and_decay,
          portal_ice_cave_entry_ice_simulacra
IceCv:    ice_cave_small_giant

Notes
Turn   | Place    | Note
-------+----------+-------------------------------------------
     0 | D:1      | mortz the Draconian Air Elementalist began the quest for
                  | the Orb.
     0 | D:1      | Reached XP level 1. HP: 14/14 MP: 3/3
     0 | D:1      | magus.rc [v1.9.6]
   215 | D:1      | Reached skill level 2 in Stealth
   325 | D:1      | Found a faded altar of an unknown god.
   353 | D:1      | Reached XP level 2. HP: 20/20 MP: 1/5
   442 | D:1      | Learned a level 2 spell: Static Discharge
   805 | D:1      | You pick up a book of Minor Magic and begin reading...
   805 | D:1      | You add the spells Magic Dart, Call Imp and Mephitic Cloud
                  | to your library.
  1154 | D:1      | Reached XP level 3. HP: 25/25 MP: 2/6
  1623 | D:2      | Reached skill level 2 in Dodging
  1833 | D:2      | Found a glowing silver altar of Zin.
  1885 | D:2      | Reached skill level 2 in Conjurations
  2595 | D:2      | Reached XP level 4. HP: 33/33 MP: 5/7
  3176 | D:3      | magus.rc [v1.9.6]
  3226 | D:3      | Noticed Jessica
  3232 | D:3      | Killed Jessica
  3233 | D:3      | Reached skill level 3 in Spellcasting
  3302 | D:3      | Got Jessica's Compendium of Stolen Souls
  3493 | D:3      | Noticed Natasha
  3497 | D:3      | Killed Natasha
  3498 | D:3      | Reached XP level 5. HP: 32/38 MP: 2/10
  3572 | D:3      | Noticed Natasha
  3577 | D:3      | Killed Natasha
  3578 | D:3      | Reached skill level 4 in Air Magic
  4173 | D:4      | Noticed an ice beast
  4385 | D:4      | Reached XP level 6. HP: 45/45 MP: 7/11
  4548 | D:4      | Reached skill level 3 in Conjurations
  4885 | D:4      | Reached skill level 3 in Stealth
  4885 | D:4      | Reached skill level 4 in Spellcasting
  5292 | D:4      | Killed an ice beast
  5293 | D:4      | Reached skill level 5 in Air Magic
  5293 | D:4      | Your scales start taking on a glossy black colour.
  5293 | D:4      | Reached skill level 6 in Air Magic
  5293 | D:4      | Reached XP level 7. HP: 46/50 MP: 0/13
  5293 | D:4      | Gained mutation: You are resistant to electric shocks.
                  | (rElec) [Black Draconian growth]
  5397 | D:4      | Identified the +6 dagger of Suips {flame, rElec Dex+3
                  | Stlth+}
  5418 | D:5      | Entered Level 5 of the Dungeon
  5853 | D:5      | Found an ancient bone altar of Kikubaaqudgha.
  5905 | D:5      | Found an ornate altar of the Wu Jian Council.
  5946 | D:5      | Reached skill level 1 in Short Blades
  5946 | D:5      | Reached skill level 4 in Conjurations
  6020 | D:5      | Reached skill level 5 in Spellcasting
  6493 | D:5      | Reached skill level 7 in Air Magic
  6560 | D:5      | Reached XP level 8. HP: 57/57 MP: 10/15
  6872 | D:5      | Reached skill level 2 in Short Blades
  7199 | D:6      | You add the spells Gell's Gravitas, Teleport Other and
                  | Dispersal to your library.
  7229 | D:6      | Found a stormy altar of Qazlal.
  7412 | D:6      | Found Nuydghese's Gadget Gallery.
  7418 | D:6      | Bought a wand of iceblast (2) for 60 gold pieces
  7418 | D:6      | Bought a wand of paralysis (5) for 70 gold pieces
  8042 | D:7      | Found a staircase to the Ecumenical Temple.
  8057 | D:7      | Found a shadowy altar of Dithmenos.
  8147 | D:7      | Reached skill level 8 in Air Magic
  8310 | D:7      | Reached skill level 3 in Short Blades
  8315 | D:7      | Learned a level 4 spell: Airstrike
  8319 | D:7      | Learned a level 3 spell: Mephitic Cloud
  8449 | D:7      | Reached skill level 6 in Spellcasting
  8449 | D:7      | Reached skill level 5 in Conjurations
  8449 | D:7      | Reached skill level 1 in Poison Magic
  8611 | D:7      | Reached XP level 9. HP: 47/63 MP: 10/18
  9081 | D:7      | You pick up a book of Air and begin reading...
  9186 | D:7      | Found a runed translucent gate.
  9188 | D:7      | Found a runed translucent gate.
  9188 | D:7      | Noticed Beepinex's ghost (novice HOFi)
  9189 | D:7      | Found a runed translucent gate.
  9189 | D:7      | Noticed a gargoyle
  9837 | D:8      | Reached skill level 2 in Poison Magic
 10147 | D:8      | Reached skill level 9 in Air Magic
 10226 | D:8      | Reached skill level 7 in Spellcasting
 10510 | D:8      | Reached skill level 4 in Short Blades
 10879 | D:8      | Reached skill level 3 in Poison Magic
 11052 | Temple   | Entered the Ecumenical Temple
 11105 | Temple   | Became a worshipper of Gozag Ym Sagoz the Greedy
 11215 | D:8      | Reached skill level 10 in Air Magic
 11446 | D:8      | magus.rc [v1.9.6]
 11725 | D:9      | Noticed Joseph
 11876 | D:9      | Found a sparkling altar of Nemelex Xobeh.
 11876 | D:9      | Found a staircase to the Lair.
 11881 | D:9      | Reached XP level 10. HP: 68/70 MP: 4/21
 11983 | D:9      | Reached skill level 8 in Spellcasting
 12315 | D:9      | Killed Joseph
 12586 | D:9      | Noticed a cyclops
 12593 | D:9      | Killed a cyclops
 12784 | D:9      | Noticed a manticore
 12787 | D:9      | Noticed a wizard
 12806 | D:9      | Reached skill level 4 in Poison Magic
 12812 | D:9      | Reached skill level 11 in Air Magic
 12968 | D:9      | Reached skill level 1 in Fighting
 13075 | D:9      | Killed a manticore
 13265 | D:9      | Noticed a two-headed ogre
 13282 | D:9      | Killed a two-headed ogre
 13283 | D:9      | Reached skill level 9 in Spellcasting
 13472 | D:9      | Killed a wizard
 13473 | D:9      | Reached skill level 5 in Poison Magic
 13678 | D:9      | Identified the +6 shortbow of the Slime-mould {vorpal,
                  | +Blink Dex+5}
 13794 | D:9      | Reached skill level 12 in Air Magic
 14015 | D:9      | Found a shimmering blue altar of Sif Muna.
 14254 | D:9      | Found a snail-covered altar of Cheibriados.
 14517 | D:9      | Found a shimmering altar of Xom.
 14527 | D:9      | Reached XP level 11. HP: 74/75 MP: 0/24
 14856 | D:10     | Entered Level 10 of the Dungeon
 14902 | D:10     | Noticed a two-headed ogre
 14902 | D:10     | Noticed a centaur warrior
 14903 | D:10     | Noticed a four-headed hydra
 15683 | D:10     | You pick up a book of Rime and begin reading...
 15683 | D:10     | You add the spells Frozen Ramparts, Ice Form and Summon Ice
                  | Beast to your library.
 16101 | D:10     | Found a white marble altar of Elyvilon.
 16545 | D:11     | Reached skill level 10 in Spellcasting
 16936 | D:11     | Reached skill level 1 in Ice Magic
 16943 | D:11     | Reached skill level 13 in Air Magic
 17146 | D:11     | Found a runed translucent gate.
 17148 | D:11     | Found a runed translucent gate.
 17151 | D:11     | Noticed AlmostDecent's ghost (journeyman VSFi)
 17152 | D:11     | Found a runed translucent gate.
 17364 | D:11     | Reached skill level 2 in Ice Magic
 18222 | Lair:1   | Entered Level 1 of the Lair of Beasts
 18627 | Lair:1   | Reached skill level 3 in Ice Magic
 19296 | Lair:1   | Reached XP level 12. HP: 84/84 MP: 11/26
 19577 | Lair:1   | Learned a level 3 spell: Frozen Ramparts
 19643 | Lair:2   | Reached skill level 14 in Air Magic
 19689 | Lair:2   | You add the spells Tukima's Dance, Passage of Golubria and
                  | Yara's Violent Unravelling to your library.
 19729 | Lair:2   | Reached skill level 11 in Spellcasting
 19729 | Lair:2   | Noticed Fannar
 19975 | Lair:2   | HP: 1/84 [Fannar/bolt of cold (23)]
 20295 | Lair:2   | Noticed an eight-headed hydra
 20301 | Lair:2   | Killed an eight-headed hydra
 20362 | Lair:2   | Reached skill level 1 in Shields
 20537 | Lair:2   | Reached skill level 6 in Conjurations
 20959 | Lair:2   | Noticed Sonja
 20968 | Lair:2   | Killed Fannar
 20969 | Lair:2   | Reached skill level 4 in Ice Magic
 20972 | Lair:2   | Killed Sonja
 21772 | Lair:3   | Found a frozen archway.
 21791 | IceCv    | Entered an ice cave
 21800 | IceCv    | Reached skill level 12 in Spellcasting
 21803 | IceCv    | Reached skill level 4 in Stealth
 21872 | IceCv    | Noticed a death yak
 21962 | IceCv    | Killed a death yak
 22182 | IceCv    | Reached skill level 5 in Ice Magic
 22398 | IceCv    | Noticed a frost giant
 22398 | IceCv    | Noticed a death yak
 22405 | IceCv    | Reached skill level 2 in Shields
 22409 | IceCv    | Reached skill level 3 in Dodging
 22426 | IceCv    | Killed from afar by a frost giant

Vanquished Creatures
  Fannar (Lair:2)
  A hydra (Lair:2)
  A two-headed ogre (D:9)
  A death yak (IceCv)
  Sonja (Lair:2)
  A wizard (D:9)
  An ugly thing (IceCv)
  A manticore (D:9)
  A cyclops (D:9)
  Joseph (D:9)
  A gargoyle (D:10)
  A black mamba (Lair:2)
  6 cane toads
  4 kobold demonologists (D:11)
  7 komodo dragons
  4 rime drakes
  A tengu conjurer (D:10)
  A troll (D:9)
  4 polar bears (IceCv)
  A hornet (D:10)
  4 blink frogs (Lair:2)
  A shadow (D:7)
  15 yaks
  A wyvern (D:9)
  A vampire (D:11)
  2 wraiths
  2 basilisks
  A steam dragon (D:8)
  3 wargs (D:9)
  3 water moccasins
  2 ice beasts
  2 orc warriors
  A sky beast (D:7)
  3 black bears
  14 centaurs
  2 ogres
  14 wolves
  3 kobold brigands
  8 bullfrogs
  A gnoll sergeant (D:8)
  2 scorpions
  A water moccasin zombie (D:7)
  17 killer bees
  5 wights (D:7)
  4 howler monkeys
  2 bullfrog zombies
  2 jellies
  4 centaur zombies
  8 orc priests
  A hound (D:5)
  An iron imp (D:9)
  3 gnoll shamans
  3 centaur skeletons
  Jessica (D:3)
  4 iguanas
  9 orc wizards
  Natasha (twice) (D:3)
  A scorpion zombie (D:5)
  2 wolf simulacra (Lair:3)
  2 howler monkey zombies (D:9)
  15 gnolls
  6 adders
  3 howler monkey skeletons (D:7)
  A shadow imp (D:7)
  An ufetubus (D:5)
  An adder skeleton (D:4)
  A worm (D:2)
  3 dart slugs
  18 orcs
  9 ball pythons
  7 endoplasms
  A giant cockroach (D:3)
  3 goblins
  7 hobgoblins
  4 quokkas
  3 frilled lizards
  16 kobolds
  5 rats
301 creatures vanquished.

Vanquished Creatures (others)
  6 fungi
  9 plants
15 creatures vanquished.

Grand Total: 316 creatures vanquished

Table legend:
 A = Non-vault XP
 B = Vault XP
 C = Vault XP percentage of total XP
 D = Non-vault monster count
 E = Vault monster count
 F = Vault count percentage of total count
                 A         B        C        D         E       F
            +---------+---------+-------+---------+---------+-------
      Total |   24392 |   10529 |  30.2 |     256 |      45 |  15.0
            +---------+---------+-------+---------+---------+-------
        D:1 |      48 |       0 |   0.0 |      26 |       0 |   0.0
        D:2 |      54 |       0 |   0.0 |      12 |       0 |   0.0
        D:3 |     122 |      74 |  37.8 |       9 |       3 |  25.0
        D:4 |     543 |       0 |   0.0 |      22 |       0 |   0.0
        D:5 |     714 |       0 |   0.0 |      11 |       0 |   0.0
        D:6 |     325 |       0 |   0.0 |       8 |       0 |   0.0
        D:7 |    1507 |       0 |   0.0 |      25 |       0 |   0.0
        D:8 |    1534 |       0 |   0.0 |      45 |       0 |   0.0
        D:9 |    2307 |    3964 |  63.2 |      22 |      21 |  48.8
       D:10 |    3476 |       0 |   0.0 |      15 |       0 |   0.0
       D:11 |    3964 |       0 |   0.0 |      24 |       0 |   0.0
     Lair:1 |    3641 |       0 |   0.0 |      13 |       0 |   0.0
     Lair:2 |    4761 |    1782 |  27.2 |      17 |       3 |  15.0
     Lair:3 |    1396 |      58 |   4.0 |       7 |       2 |  22.2
      IceCv |       0 |    4651 | 100.0 |       0 |      16 | 100.0
            +---------+---------+-------+---------+---------+-------

Illustrated notes

Table legend:
 A = Kills in this place as a percentage of kills in entire the game.
 B = Kills by you in this place as a percentage of kills by you in the entire game.
 C = Kills by friends in this place as a percentage of kills by friends in the entire game.
 D = Other kills in this place as a percentage of other kills in the entire game.
 E = Experience gained in this place as a percentage of experience gained in the entire game.
 F = Experience gained in this place divided by the number of levels of this place that you have seen.
                   A       B       C       D       E      F
               +-------+-------+-------+-------+-------+----------------------
         Total | 100.0 | 100.0 |   N/A |   N/A | 100.0 | 2182.6
       Dungeon |  80.7 |  80.7 |   N/A |   N/A |  53.4 | 1693.8
          Lair |  14.0 |  14.0 |   N/A |   N/A |  33.3 | 3879.3
      Ice Cave |   5.3 |   5.3 |   N/A |   N/A |  13.3 | 4651.0
               +-------+-------+-------+-------+-------+----------------------

Table legend: (Time is in decaauts)
 A = Elapsed time spent in this place.
 B = Non-inter-level travel time spent in this place.
 C = Inter-level travel time spent in this place.
 D = Time resting spent in this place.
 E = Time spent auto-exploring this place.
 F = Levels seen in this place.
 G = Mean time per level.
                   A        B        C        D        E       F      G
               +--------+--------+--------+--------+--------+-----+--------+
         Total |  22442 |  21574 |    868 |   4739 |  13448 |  16 | 1402.6 |
       Dungeon |  18188 |  17400 |    788 |   3574 |  11290 |  11 | 1653.5 |
        Temple |     58 |     58 |      0 |      0 |     38 |   1 |   58.0 |
          Lair |   3567 |   3487 |     80 |    893 |   2120 |   3 | 1189.0 |
      Ice Cave |    628 |    628 |      0 |    272 |      0 |   1 |  628.0 |
               +--------+--------+--------+--------+--------+-----+--------+

Top non-repeatable levels by time:
     D:9: 3123 daAuts
     D:7: 1904 daAuts
     D:8: 1839 daAuts
  Lair:1: 1773 daAuts
    D:10: 1678 daAuts
     D:1: 1653 daAuts
    D:11: 1598 daAuts
  Lair:2: 1468 daAuts
     D:5: 1441 daAuts
     D:3: 1380 daAuts
     D:4: 1291 daAuts
     D:2: 1235 daAuts
     D:6: 1043 daAuts
   IceCv: 628 daAuts
  Lair:3: 326 daAuts
